 Dungeon Crawl Stone Soup version 0.31-a0-459-gc8a9bf3d51 (webtiles) character file.

Game seed: 494166046480387

231 Ethylacetat the Insei (level 6, -2/33 HPs)
             Began as a Vine Stalker Monk on Aug 4, 2023.
             Succumbed to an adder's poison
             ... in a sewer.
             The game lasted 00:03:58 (1834 turns).

Ethylacetat the Insei (Vine Stalker Monk)           Turns: 1834, Time: 00:03:58

Health: -2/33      AC:  2    Str: 14    XL:     6   Next: 3%
Magic:  5/10       EV: 13    Int: 10    God:
Gold:   155        SH:  0    Dex: 24    Spells: 10/10 levels left

rFire   . .          .
                       - Unarmed
rCold   . . .        c - orb {light}
rNeg    . . .        a - +0 robe
rPois   .            (no helmet)
rElec   .            (no cloak)
rCorr   .            (no gloves)
SInv    .            (no boots)
Will    .....        t - amulet of regeneration
Stlth   +            j - +6 ring of dexterity
HPRegen 1.85/turn    (no ring)
MPRegen 0.12/turn

%: guardian spirit
@: confused, lethally poisoned (-2 -> -8), ambrosia-drunk, glowing
A: fangs 2, regeneration 1, magic shield, antimagic bite, no potion heal 2
a: no special abilities


You were in a sewer.
You visited 1 branch of the dungeon, and saw 3 of its levels.
You also visited: Sewer.

You collected 155 gold pieces.

Inventory:

Armour
 a - a +0 robe (worn)
 c - an orb of light (worn)
Jewellery
 j - a +6 ring of dexterity (left hand)
 t - an amulet of regeneration (around neck)
Wands
 r - a wand of mindburst (10)
 s - a wand of paralysis (9)
Scrolls
 e - 3 scrolls of acquirement {unknown}
 g - 2 scrolls of vulnerability {unknown}
 i - a scroll of immolation {unknown}
 k - a scroll of enchant armour {unknown}
 l - 2 scrolls of fear {unknown}
 n - a scroll of revelation {unknown}
 o - a scroll of teleportation {unknown}
 p - a scroll of identify {unknown}
 q - a scroll of blinking {unknown}
Potions
 d - a potion of curing
 f - a potion of cancellation
 h - a potion of lignification {unknown}
 m - a potion of berserk rage {unknown}
 u - a potion of heal wounds {unknown}


   Skills:
 + Level 3.7 Fighting
 - Level 2.4 Dodging
 * Level 5.1 Unarmed Combat
 + Level 2.5 Spellcasting


You had 10 spell levels left.
You didn't know any spells.
Your spell library contained the following spells:

 Spells                   Type           Power      Damage    Failure   Level
 Poisonous Vapours        Pois/Air       2%         N/A       41%         2
 Mephitic Cloud           Conj/Pois/Air  1%         N/A       65%         3
 Freezing Cloud           Conj/Ice/Air   0%         6-21      100%        5


Dungeon Overview and Level Annotations

Branches:
Dungeon (3/15)              Sewer (1/1)

Altars:


Innate Abilities, Weirdness & Mutations

You have extremely sharp teeth.
Your natural rate of healing is unusually fast.
When hurt, damage is shared between your health and your magic reserves.
Your bite disrupts and absorbs the magic of your enemies.
Potions cannot restore your health.


Message History

The ball python grabs you. The ball python constricts you.
The adder bites you but does no damage.
You have reached level 6!
You hit the ball python.
You kill the ball python!
You feel sick. The adder bites you.
You are more poisoned.
The adder poisons you! The adder barely misses you.
You closely miss the adder.
You feel sick. The adder misses you. The adder bites you.
You barely miss the adder.
You feel sick. The adder bites you.
You are more poisoned.
The adder poisons you! The river rat bites you!
The adder bites you but does no damage.
You closely miss the adder. Your bite misses the adder.
You feel very sick. The adder barely misses you. The adder misses you.
The river rat barely misses you. The adder bites you.
Unknown command.
It was a potion of curing.
Your system rejects the healing.
You feel better. The adder bites you.
You are poisoned.
The adder poisons you! The river rat bites you. The endoplasm misses you.
The adder bites you.
You are more poisoned.
The adder poisons you! The adder bites you.
You are more poisoned.
The adder poisons you!
It was a potion of cancellation.
You feel magically purged.
You feel very sick. The river rat bites you!
* * * LOW HITPOINT WARNING * * *
The adder bites you.
* * * LOW HITPOINT WARNING * * *
You are more poisoned.
The adder poisons you! The endoplasm closely misses you.
The adder barely misses you.
You are confused.
Your system rejects the healing.
You feel invigorated.
You die...

...... ..... ....... .....
.......## #.....
........##.....~
.........~.~..~≈≈~~≈
~~....r~r~≈≈≈≈~~≈≈≈≈≈≈≈#
≈≈≈≈≈≈~≈~≈r≈r≈~≈≈≈≈≈≈≈≈≈≈≈#≈
≈≈≈≈≈≈≈≈~~≈≈≈S≈≈≈≈≈≈≈≈≈≈≈≈≈≈#
≈≈≈≈~~.~.~.J@S≈≈~≈≈≈≈≈≈≈≈≈≈#
≈~~~~........r~~~~~≈≈≈≈≈≈≈≈##
.~~...........~~.~.~~~~≈≈≈~#.
..................~~~~....~#)
...........................')
#...........†.............#.
##.......##...............#.
#...##..#####......###..####
∩..# ##..######...## ####


You could see 2 adders, a river rat, an endoplasm and 4 rats.

Vanquished Creatures
  2 orc priests (D:3)
  Jessica (D:3)
  6 adders
  2 river rats (D:3)
  2 worms (D:3)
  2 dart slugs (D:2)
  5 orcs (D:3)
  6 bats
  5 endoplasms
  2 giant cockroaches
  5 goblins
  4 hobgoblins
  4 quokkas
  3 ball pythons
  8 kobolds
  8 rats
65 creatures vanquished.

Notes
Turn   | Place    | Note
-------+----------+-------------------------------------------
     0 | D:1      | Ethylacetat the Vine Stalker Monk began the quest for the
                  | Orb.
     0 | D:1      | Reached XP level 1. HP: 11/11 MP: 2/2
   148 | D:1      | Reached XP level 2. HP: 10/16 MP: 3/3
   552 | D:1      | Reached skill level 1 in Spellcasting
   763 | D:2      | Reached XP level 3. HP: 18/20 MP: 5/5
  1418 | D:3      | Noticed Jessica
  1423 | D:3      | Reached skill level 4 in Unarmed Combat
  1428 | D:3      | Killed Jessica
  1429 | D:3      | Gained mutation: Your natural rate of healing is unusually
                  | fast. [Vine Stalker growth]
  1429 | D:3      | Reached XP level 4. HP: 11/24 MP: 3/7
  1643 | D:3      | Reached XP level 5. HP: 18/28 MP: 4/9
  1706 | D:3      | Reached skill level 5 in Unarmed Combat
  1719 | D:3      | Found a glowing drain.
  1732 | Sewer    | Entered a sewer
  1828 | Sewer    | Reached XP level 6. HP: 28/33 MP: 8/10
  1833 | Sewer    | HP: 1/33 [adder (2)]
  1834 | Sewer    | Succumbed to an adder's poison

Illustrated notes

Levels and vault maps discovered:
D:1:      eino_arrival_water_cross, layout_basic
D:2:      layout_loops_cross, chequers_mini_garden, serial_bayou_pond_d
D:3:      layout_rooms, gup_sewer_entry_bubbles, serial_park_tiny_2,
          uniq_jessica
Sewer:    sewer_minmay_treatment

Skill      XL: |  1  2  3  4  5 |
---------------+----------------+-----
Spellcasting   | 1 2 |  2.5
Fighting       | 3 |  3.7
Unarmed Combat | 4 5 |  5.1
Dodging        | |  2.4

Action                     |  1- 3 |  4- 6 || total
---------------------------+-------+-------++-------
  Melee: Unarmed           |    76 |   124 ||   200
         Bite              |    19 |    40 ||    59
    Use: Potion            |       |     3 ||     3
   Stab: Sleeping          |     1 |       ||     1
 Armour: Robe              |     9 |    16 ||    25
  Dodge: Dodged            |    54 |    87 ||   141

Table legend: (Time is in decaauts)
 A = Elapsed time spent in this place.
 B = Non-inter-level travel time spent in this place.
 C = Inter-level travel time spent in this place.
 D = Time resting spent in this place.
 E = Time spent auto-exploring this place.
 F = Levels seen in this place.
 G = Mean time per level.
                   A        B        C        D        E       F      G
               +--------+--------+--------+--------+--------+-----+--------+
         Total |   1831 |   1806 |     25 |      0 |   1250 |   4 |  457.8 |
       Dungeon |   1730 |   1705 |     25 |      0 |   1184 |   3 |  576.7 |
         Sewer |    101 |    101 |      0 |      0 |     66 |   1 |  101.0 |
               +--------+--------+--------+--------+--------+-----+--------+

Top non-repeatable levels by time:
     D:1: 756 daAuts
     D:2: 655 daAuts
     D:3: 318 daAuts
   Sewer: 101 daAuts
